[Event "79th LOTTO Polish-ch 2022"]
[Site "Kruszwica"]
[Date "2022.05.10"]
[Round "1.2"]
[White "Sabuk, Piotr"]
[Black "Wojtaszek, Radoslaw"]
[Result "0-1"]
[ECO "E47"]
[WhiteElo "2420"]
[BlackElo "2696"]
[Annotator "TA"]
[PlyCount "96"]
[EventDate "2022.05.10"]
[EventType "k.o."]
[EventCountry "POL"]
[SourceTitle "playchess.com"]
[Source "ChessBase"]
[SourceQuality "1"]
[TimeControl "40/5400+30:1800+30"]

1. d4 Nf6 2. c4 e6 3. Nc3 Bb4 4. e3 O-O 5. Bd3 c5 6. Nf3 d5 7. cxd5 exd5 {[%emt 0:00:08] E53: Nimzo-Indian: Rubinstein: Main Line (4...0-0 5 Nf3 d5 6 Bd3 c5 7 0-0).} 8. dxc5 Nbd7 9. O-O (9. Qb3 Qa5 $15) 9... Bxc3 $5 {[%emt 0:05:19][%mdl 4] The position is equal. Leaves trodden paths.} 10. bxc3 Nxc5 11. Be2 Bg4 12. c4 (12. Ba3 $5 Qc7 13. Rc1 $11) 12... dxc4 13. Bxc4 Rc8 (13... Qb6 {is more complex.} 14. Ba3 Nfe4 15. Qe2 Qa5) 14. Qxd8 Rfxd8 {[%emt 0:00:23] [#]} 15. Nd4 $146 ({Predecessor:} 15. Bb2 Bxf3 16. gxf3 Na4 17. Bxf6 gxf6 18. Rfc1 Rc5 19. Rc2 Rdc8 20. Rac1 b5 21. Bb3 Rxc2 22. Rxc2 Rxc2 23. Bxc2 {½-½ (39) Lupulescu,C (2652)-Grischuk,A (2777) Chess.com INT 2020}) 15... Ne6 16. Bxe6 Bxe6 17. Bb2 Bd7 18. a4 Rc4 19. a5 Rdc8 20. Rfb1 b5 21. a6 (21. axb6 $5 axb6 22. f3 $14) 21... Nd5 22. Rd1 b4 23. Nb3 Be6 24. Bd4 Nc3 25. Re1 ({Better is} 25. Rd2 $15) 25... Nb5 (25... R4c6 $142 26. Bxc3 Rxc3) 26. h3 Rc2 27. Ra5 Bc4 (27... Bxb3 28. Rxb5 Be6 29. Rxb4 $16) 28. Rb1 (28. g4 $17) 28... Nc3 $19 29. Bxc3 (29. Na1 $17 {is a better defense.} Nxb1 30. Nxc2) 29... bxc3 (29... Rxc3 30. Nd2 $11) 30. Nd4 Rb2 31. Rc1 Bd3 32. Ra3 Rb1 33. Rxb1 Bxb1 {[%emt 0:00:04][%mdl 4096] Endgame KRB-KRN} 34. Ne2 c2 35. Nc1 {[%emt 0:00:26] [#]} Rd8 {[%emt 0:00:25] Strongly threatening ...Rd1+.} 36. Kh2 $2 (36. Rd3 Rxd3 37. Nxd3) 36... Rd1 37. Rc3 {[%emt 0:00:25] Rc8+ would kill now.} h5 38. Nb3 h4 ({Stronger than} 38... Ba2 39. Rxc2 Bxb3 40. Rc7 $17) 39. Rc7 $2 (39. g3) 39... Kh7 (39... Ba2 $2 40. Rc8+ Kh7 41. Rxc2 Bxb3 42. Rc7 $19) 40. Rc4 ({Don't go for} 40. Rxa7 $2 Ba2 41. Nc1 Rxc1 $19) 40... g5 41. Rc6 Kg7 {[%emt 0:02:37] Black is clearly winning.} ({Wrong is} 41... Ba2 $2 42. Rxc2 Bxb3 43. Rc7 $19) 42. Rc5 Kf6 43. Rc7 Ke5 44. f4+ gxf4 45. exf4+ Kd6 46. Rxa7 {[%emt 0:02:00] [#]} Ba2 $1 47. Ra8 Bxb3 48. a7 Ra1 {[%emt 0:00:27] Weighted Error Value: White=0.51/Black=0.11 (very precise)} 0-1

[Event "79th LOTTO Polish-ch 2022"]
[Site "Kruszwica"]
[Date "2022.05.10"]
[Round "1.3"]
[White "Bartel, Mateusz"]
[Black "Warakomski, Tomasz"]
[Result "1/2-1/2"]
[ECO "B60"]
[WhiteElo "2619"]
[BlackElo "2534"]
[Annotator "TA"]
[PlyCount "59"]
[EventDate "2022.05.10"]
[EventType "k.o."]
[EventCountry "POL"]
[SourceTitle "playchess.com"]
[Source "ChessBase"]
[SourceQuality "1"]
[TimeControl "40/5400+30:1800+30"]

1. e4 c5 2. Nf3 d6 3. d4 cxd4 4. Nxd4 Nf6 5. Nc3 Nc6 6. Bg5 Bd7 7. Bxf6 gxf6 8. Nf5 Qa5 {[%emt 0:00:45] B60: Sicilian: Richter-Rauzer: Unusual Black 6th moves and 6...Bd7 without 7 Qd2.} 9. Qd5 (9. Bb5 $14) 9... Qxd5 (9... Qb6 $5 10. Bb5 a6 11. Bxc6 Bxc6 $11) 10. Nxd5 {[%emt 0:00:24] [#] Nc7+ is the strong threat. Pair of Knights!} O-O-O {[%emt 0:00:25] Against Nc7. White must now prevent ...e6.} 11. Nfe3 {[%emt 0:00:35] [#]} ({White should play} 11. Ng3 $14) 11... Kb8 $146 (11... e6 $5 12. Nf4 (12. Nxf6 Bg7 $15) 12... Ne5 $11) ({Predecessor:} 11... Bg7 12. O-O-O e6 13. Nc3 Bh6 14. Rxd6 Ne5 15. Be2 Bc6 16. Rxd8+ Rxd8 17. Rd1 Rg8 {½-½ (33) Mazi,L (2375)-Pitl,G (2376) Austria 2011}) 12. Be2 Bg7 13. O-O-O Rhg8 14. Bh5 (14. Rhe1 $14) 14... e6 $1 $11 15. Nc3 Bh6 (15... f5 $1 $11) 16. g3 $14 Rg5 17. Be2 Be8 18. f4 Rc5 19. a3 {[%emt 0:01:59] White is more active.} (19. Nc4 {looks sharper.} Kc7 20. a3 Na5 21. Nxa5 Rxa5 22. b4) 19... Bf8 20. Rd3 Rc8 21. Rhd1 Na5 22. Kb1 Be7 23. h4 a6 24. Bg4 Nc4 25. Nxc4 Rxc4 26. Re1 Bd7 27. Bh5 Be8 28. Bg4 Bd7 29. Bh5 Be8 30. Bg4 {[%emt 0:00:45] Weighted Error Value: White=0.17 (very precise) /Black=0.13 (very precise)} 1/2-1/2

[Event "79th LOTTO Polish-ch 2022"]
[Site "Kruszwica"]
[Date "2022.05.09"]
[Round "1.3"]
[White "Warakomski, Tomasz"]
[Black "Bartel, Mateusz"]
[Result "1/2-1/2"]
[ECO "A10"]
[WhiteElo "2534"]
[BlackElo "2619"]
[Annotator "TA"]
[PlyCount "154"]
[EventDate "2022.05.10"]
[EventType "k.o."]
[EventCountry "POL"]
[SourceTitle "playchess.com"]
[Source "ChessBase"]
[SourceQuality "1"]
[TimeControl "40/5400+30:1800+30"]

1. c4 b6 2. Nc3 Bb7 3. e4 e5 4. a3 Nc6 5. d3 a5 6. Nf3 {[%emt 0:05:16] A10: English Opening: Unusual Replies for Black.} Bc5 7. g3 Nge7 8. Bg2 {[%emt 0:01:36] White has an edge.} O-O 9. O-O d6 10. Rb1 Qd7 11. Nh4 Bd4 {[%emt 0:06:50] [#]} 12. Kh1 $146 ({Predecessor:} 12. Nb5 a4 13. Nxd4 Nxd4 14. Be3 Nb3 15. f4 b5 16. cxb5 Qxb5 17. fxe5 dxe5 18. Nf5 Nxf5 19. Rxf5 {½-½ (73) Carrera Perez,F (2239)-Rahal,M (2318) Altea 2021}) 12... Ng6 13. Nf5 Nce7 (13... Bxc3 $11 14. Qg4 (14. bxc3 Nce7 $11) 14... Kh8 15. bxc3 Nce7) 14. Nxd4 $14 exd4 15. Nd5 Nxd5 16. cxd5 Ne7 17. b4 Ba6 18. bxa5 (18. f4 $16) 18... bxa5 19. Bb2 c5 $1 20. dxc6 $1 Nxc6 21. f4 Rab8 22. Ba1 Rxb1 23. Qxb1 Rb8 24. Qc2 Rc8 25. Qd2 {[%emt 0:01:33] Against Nb4} Qb7 (25... Rb8 $11) 26. Rc1 Qb5 27. Bh3 Rd8 28. Qc2 Bb7 29. Rb1 Qa6 30. Kg1 {[%emt 0:01:03] White is more active.} Bc8 31. Bf1 Bd7 32. Qc4 Qa7 33. Rc1 Qb6 34. Qd5 Be8 35. Rc4 Qb1 36. Bxd4 Nxd4 37. Qxd4 (37. Rxd4 Qb6 38. Kh1 Bc6 $17) 37... h6 38. Qc3 ({White should try} 38. f5 $16) 38... Qb6+ 39. d4 Kf8 (39... Bb5 $11 {keeps the balance.}) 40. Qe3 (40. h4 $16) 40... Bb5 $11 41. Rc1 {[%emt 0:08:17] [#] aiming for Rb1.} Bxf1 42. Kxf1 {[%emt 0:00:05][%mdl 4096] Endgame KQR-KQR} Qb2 43. Kg1 Rb8 44. e5 (44. Qc3 {looks sharper.} Qe2 45. e5 dxe5 46. dxe5 a4 47. Re1) 44... dxe5 {[%emt 0:03:23] The position is equal.} 45. dxe5 a4 46. Re1 Qc2 {[%emt 0:05:54] [#] White must now prevent ...Rb2.} 47. Qd4 {[%emt 0:04:44] Strongly threatening Qd6+.} Kg8 {[%emt 0:00:32] And now ...Rb2 would win.} 48. e6 fxe6 {[%emt 0:02:05] Threatens to win with ...Rb2.} 49. Qd6 Rb1 ({But not} 49... Rb2 50. Qxe6+ Kh8 51. Qe8+ Kh7 52. Qe4+ Qxe4 53. Rxe4 $16) 50. Rxb1 {[%emt 0:04:52] Really sharp!} Qxb1+ {[%emt 0:00:07] KQ-KQ} 51. Kf2 Qe4 52. Qd8+ Kf7 53. Qd7+ Kg6 54. Qd2 Qc4 55. Qe3 Qc2+ 56. Kf3 Qb3 57. g4 h5 58. h3 h4 59. Kf2 Qc2+ 60. Qe2 Qc5+ 61. Qe3 Qc4 62. Ke1 Kf7 63. Kf2 Kf8 64. Ke1 Qd5 65. Ke2 Qc4+ 66. Ke1 Ke7 67. f5 Kf6 68. Qb6 Qc1+ 69. Kf2 Qd2+ 70. Kf1 Qd3+ 71. Kf2 Qd2+ 72. Kf3 Qd3+ 73. Kf2 Qg3+ 74. Ke2 Qg2+ 75. Kd1 Qf3+ 76. Ke1 Qc3+ 77. Kf2 Qg3+ {[%emt 0:00:24] Weighted Error Value: White=0.09 (flawless) /Black=0.10 (very precise)} 1/2-1/2

[Event "79th LOTTO Polish-ch 2022"]
[Site "Kruszwica"]
[Date "2022.05.10"]
[Round "1.3"]
[White "Nasuta, Grzegorz"]
[Black "Piorun, Kacper"]
[Result "1/2-1/2"]
[ECO "C02"]
[WhiteElo "2511"]
[BlackElo "2635"]
[Annotator "TA"]
[PlyCount "156"]
[EventDate "2022.05.10"]
[EventType "k.o."]
[EventCountry "POL"]
[SourceTitle "playchess.com"]
[Source "ChessBase"]
[SourceQuality "1"]
[TimeControl "40/5400+30:1800+30"]

1. e4 e6 2. d4 d5 3. e5 c5 4. c3 Nc6 5. Nf3 Bd7 6. Be2 Nge7 7. O-O Ng6 8. g3 f6 {[%emt 0:00:22] C02: French: Advance Variation.} 9. exf6 Qxf6 10. Bg5 Qf7 11. Nbd2 cxd4 (11... h6 $5 12. Be3 b6 $11) 12. cxd4 Bd6 {[%emt 0:00:22] [#]} 13. Nb3 $146 ({Predecessor:} 13. Rc1 O-O 14. Be3 h6 15. Qb3 Rab8 16. Rfe1 Nge7 17. a3 Nf5 18. Qd3 a5 19. Nb3 {0-1 (37) Henke,S-Ishar,B DESC email 2009}) 13... O-O 14. Be3 h6 15. Rc1 e5 16. dxe5 Ngxe5 17. Nxe5 Bxe5 18. f4 Bxb2 19. Rb1 Ba3 20. Bf3 Kh8 21. Bc5 Bxc5+ 22. Nxc5 Bh3 23. Rxb7 Qg6 24. Rf2 (24. Bxd5 $2 Rad8 25. Qf3 (25. Rf2 $2 Na5 $19) 25... Bxf1 $19) (24. Bg2 $11 Bxg2 25. Kxg2) 24... Rab8 ({Better is} 24... Rxf4 $1 $17 {aiming for ...Re8.} 25. Bh5 Rxf2 26. Bxg6 Raf8) 25. Rfb2 $2 (25. Rxb8 $11 {and White is okay.} Rxb8 26. Nb3 (26. Bxd5 $2 Rb1 $19)) 25... Rxb7 $19 26. Rxb7 Rxf4 $1 27. Qxd5 (27. Rb2) 27... Rf5 28. Qe4 {[%emt 0:01:46] [#]} Qf6 $1 {[%emt 0:03:50][%cal Of6f8] White must now prevent ...Qf8!} 29. Nd7 {[%emt 0:01:07] [#] Prevents Qf8.} (29. Nd3 Rxf3) 29... Qd6 $1 30. Rb1 (30. g4 Re5 $1 31. Rb8+ (31. Qb1 $2 Re8 $19) 31... Qxb8 32. Nxb8 Rxe4 33. Nxc6 Ra4) 30... Rxf3 $1 (30... Qxd7 31. Qxc6 Qd4+ 32. Kh1 $17) 31. Qxf3 Qxd7 ({Don't go for} 31... Bxd7 $2 32. Rd1 Qe7 33. Kh1 $19) 32. Rd1 {[%emt 0:00:24] Prevents Qd4+.} (32. Re1 {was forced.}) 32... Qe6 33. Qf2 {[%emt 0:00:29] Prevents Nd4.} (33. Qd3) 33... Qe4 34. Re1 Qd5 35. Qc2 {[%emt 0:00:38] Hoping for Re8+.} Ne5 36. Qe4 {[%emt 0:00:21] [#]} Qxa2 37. Rd1 {[%emt 0:00:35] [#]} (37. Qb7 Qd2) 37... Nf7 {[%emt 0:00:33] Inhibits Rd8+.} (37... Ng6 $1 $19 38. Re1 Kh7) 38. Qe8+ (38. g4 $1 $15) 38... Kh7 39. Qe4+ g6 {[%emt 0:00:45] And now ...Qb2 would win.} 40. g4 $2 (40. Qd5 {was the only defense.} Qxd5 41. Rxd5) 40... Qb3 41. Rd7 Qb6+ 42. Kh1 $2 (42. Qd4 Qe6 43. Kf2 Bxg4 44. Rxa7) 42... Qf6 43. Rd1 {[%emt 0:00:33] Prevents Qf1+.} h5 $2 (43... a5 $19 44. Kg1 Qb6+ 45. Kh1 Qf2) 44. gxh5 $17 Bf5 45. hxg6+ Bxg6 ({Don't play} 45... Qxg6 $6 46. Qh4+ Qh6 47. Qxh6+ Nxh6 48. Ra1 $11) 46. Qe3 {[%emt 0:00:37] [#]} a6 (46... Ng5 $1 $19 {...Be4+ is the strong threat.} 47. Kg2 Be4+ 48. Kg3 Kg6) 47. h3 $15 Ng5 {[%emt 0:00:33] Strongly threatening ...Be4+.} 48. Rd7+ $1 Nf7 ({Black should play} 48... Kg8 $15 49. Kh2 Qb2+ 50. Kg1 Qa1+ 51. Kg2 Qf6) 49. Kh2 Qb2+ 50. Rd2 Qb8+ 51. Qg3 Qb6 52. Qh4+ Kg8 53. Qg3 Kh7 54. Rf2 Qd4 55. Rf4 Qd2+ 56. Rf2 Qd8 ({But not} 56... Qh6 $6 57. Rf4 $17) 57. Qf4 Ng5 58. Rg2 {[%emt 0:00:33] The position is equal.} Ne6 59. Qe5 Nd4 {[%emt 0:00:31] ( -> ...Nf3+)} 60. Rf2 {[%emt 0:00:30] Against Nf3+} Nc6 61. Qf4 Qe7 62. Qf6 Qc5 63. Qh4+ Kg8 64. Qf6 Qe5+ 65. Qxe5 Nxe5 66. Ra2 Bd3 67. Kg3 Kf7 68. Kf4 Kf6 69. Ke3 Bb5 70. Kd4 Nd7 71. Kd5 Kg5 72. Kd6 Nf6 73. Kc5 Bd3 74. Ra3 Be2 (74... a5 $5) 75. Kb6 Nd5+ 76. Kc5 Nf6 77. Kb6 Nd7+ 78. Ka7 Bb5 {[%emt 0:00:36] White happily takes the draw.  Weighted Error Value: White=0.55/Black=0.61} 1/2-1/2

[Event "79th LOTTO Polish-ch 2022"]
[Site "Kruszwica"]
[Date "2022.05.10"]
[Round "1.4"]
[White "Piorun, Kacper"]
[Black "Nasuta, Grzegorz"]
[Result "1/2-1/2"]
[ECO "A06"]
[WhiteElo "2635"]
[BlackElo "2511"]
[Annotator "TA"]
[PlyCount "98"]
[EventDate "2022.05.10"]
[EventType "k.o."]
[EventCountry "POL"]
[SourceTitle "playchess.com"]
[Source "ChessBase"]
[SourceQuality "1"]
[TimeControl "40/5400+30:1800+30"]

1. Nf3 d5 2. g3 Bg4 3. Bg2 e6 4. c4 c6 5. cxd5 exd5 6. Qb3 {[%emt 0:00:23] A11: English Opening: 1...c6.} Qc7 7. d3 {[%emt 0:00:24] [#]} Nd7 $146 ({Predecessor:} 7... f5 8. Bf4 Qe7 9. O-O Nf6 10. Nd4 g6 11. h3 Bh5 12. e4 dxe4 13. dxe4 Na6 14. exf5 {½-½ (38) Pokrupa,M (2160)-Justi,F (1891) Nuremberg 2009}) 8. h3 Nc5 9. Qc2 Bxf3 10. Bxf3 Ne6 11. Bg2 h5 12. Nc3 h4 13. g4 Nf6 14. Bd2 d4 15. Ne4 Nd5 16. a3 Be7 17. Bf3 Qe5 18. Rg1 Ndf4 19. Rh1 g6 20. O-O-O O-O-O (20... Nd5 $5 21. Rhg1 O-O-O $11) 21. Kb1 Nd5 22. Bc1 Kb8 23. Nd2 Bg5 24. Nc4 Qc7 25. Qb3 (25. Bxd5 $15 Rxd5 26. e4) 25... Rhe8 26. e3 (26. Nd2 $15) 26... dxe3 $1 $19 27. fxe3 {[%emt 0:01:01] [#]} Nc5 {[%emt 0:03:15] Pair of Knights!} (27... Nxe3 $1 $19 28. Nxe3 (28. Bxe3 $2 Bxe3 29. Qc3 Bd4 $19) 28... Nd4) 28. Qc2 $17 Nxe3 29. Nxe3 Bxe3 30. d4 Bxc1 31. Qxc5 Be3 32. Rd3 Re6 33. Rhd1 {[%emt 0:02:13] [#]} Qf4 (33... Qg3 $1 $17 34. Be2 Qf2) 34. Bh1 Red6 35. Qb4 Bxd4 {[%emt 0:01:00] aiming for ...R8d7.} (35... R8d7 {seems wilder.} 36. d5 Qxb4 37. axb4 Bf4) 36. Bxc6 $1 Rxc6 37. Rxd4 Rxd4 38. Rxd4 {[%emt 0:00:23][%mdl 4096] Endgame KQR-KQR} Qf1+ 39. Ka2 Qf6 40. Re4 a6 41. Re8+ $1 ({Don't play} 41. Re7 Rb6 42. Re8+ Ka7 $17) 41... Ka7 42. Qf8 $1 Qf4 43. Ra8+ {[%emt 0:00:35] The position is equal.} Kb6 44. Qd8+ Rc7 45. Qxh4 Qc4+ 46. Ka1 Qc1+ 47. Ka2 Qc4+ 48. Ka1 Qf1+ 49. Ka2 Qc4+ {[%emt 0:00:27] Whites escaped into a draw.  Weighted Error Value: White=0.12 (very precise) /Black=0.11 (very precise)} 1/2-1/2

[Event "79th LOTTO Polish-ch 2022"]
[Site "Kruszwica"]
[Date "2022.05.09"]
[Round "1.4"]
[White "Moranda, Wojciech"]
[Black "Kosakowski, Jakub"]
[Result "1-0"]
[ECO "B90"]
[WhiteElo "2630"]
[BlackElo "2435"]
[Annotator "TA"]
[PlyCount "81"]
[EventDate "2022.05.10"]
[EventType "k.o."]
[EventCountry "POL"]
[SourceTitle "playchess.com"]
[Source "ChessBase"]
[SourceQuality "1"]
[TimeControl "40/5400+30:1800+30"]

1. e4 c5 2. Nf3 d6 3. d4 cxd4 4. Nxd4 Nf6 5. Nc3 a6 6. Rg1 e5 7. Nb3 {[%emt 0:00:31] B90: Sicilian Najdorf: Unusual White 6th moves, 6 Be3 Ng4 and 6 Be3 e5.} h5 {[%emt 0:04:44] Inhibits g4.} 8. h3 h4 9. Be3 {[%emt 0:00:23] White has an edge.} Be6 10. Qd2 Nbd7 11. f4 Rc8 12. O-O-O b5 13. Kb1 Be7 {[%emt 0:03:58] [#]} 14. f5 $146 ({Predecessor:} 14. a3 O-O 15. Bd3 exf4 16. Bxf4 Nh5 17. g3 Ne5 18. Nd4 hxg3 19. Bxg3 Bg5 20. Qg2 Nxg3 21. Qxg3 Rxc3 22. bxc3 {1-0 (48) Pridorozhni,A (2366)-Looshnikov,N (2409) Orsk 2001}) 14... Bc4 15. a3 Bxb3 16. cxb3 Nc5 17. Bxc5 Rxc5 18. b4 Rc8 19. Be2 Qb6 20. g4 {[%emt 0:07:11] Hoping for g5.} hxg3 21. Rxg3 Rh7 22. Bf3 Rc4 23. Qg2 Bf8 24. Be2 Rd4 (24... Rc8 $16) 25. Rxd4 (25. Rc1 $1 $18) 25... Qxd4 (25... exd4 $16 26. Nd5 Qb7) 26. Rd3 $18 Qb6 {[%emt 0:01:06] [#]} 27. Bd1 $1 {[%emt 0:10:42] Strongly threatening Bb3.} Be7 28. Bb3 {[%emt 0:01:47] aiming for Nd5.} a5 $2 (28... Qb7 29. Nd5 Nh5) 29. Nd5 Nxd5 30. bxa5 ({Not} 30. Rxd5 axb4 31. axb4 Kf8 $16) 30... Qxa5 31. Bxd5 {[%emt 0:00:27] Black must now prevent Rc3.} b4 {[%emt 0:03:43] Against Rc3} 32. Qc2 Qa6 33. axb4 Bd8 34. Bc6+ (34. Ra3 $142 Qb6 35. Qa4+ Ke7 {[#]} 36. Bxf7 $1 ) 34... Ke7 {[%emt 0:00:16] [#]} (34... Kf8 $142 35. Ra3 Qb6) 35. Rxd6 $3 {[%emt 0:00:57][%mdl 512] White threatens Qc5 and mate. White is clearly winning.} Bb6 {[%emt 0:00:41] Inhibits Qc5.} (35... Bc7 36. Rd7+) 36. Rd7+ Kf6 37. b5 Qa5 38. Qc3 (38. Qc1 $142 {Bd5 is the strong threat.} g5 39. Bd5 Qxb5 40. Qc8 Qf1+ 41. Ka2) 38... Qxc3 39. bxc3 Rxh3 40. Bd5 Kg5 41. Rxf7 {[%emt 0:01:33] Weighted Error Value: White=0.42/Black=0.28 (precise)} 1-0

[Event "79th LOTTO Polish-ch 2022"]
[Site "Kruszwica"]
[Date "2022.05.10"]
[Round "1.4"]
[White "Warakomski, Tomasz"]
[Black "Bartel, Mateusz"]
[Result "0-1"]
[ECO "C50"]
[WhiteElo "2534"]
[BlackElo "2619"]
[Annotator "TA"]
[PlyCount "125"]
[EventDate "2022.05.10"]
[EventType "k.o."]
[EventCountry "POL"]
[SourceTitle "playchess.com"]
[Source "ChessBase"]
[SourceQuality "1"]
[TimeControl "40/5400+30:1800+30"]

1. e4 e5 2. Nf3 Nc6 3. Bc4 Nf6 4. d3 Bc5 5. O-O d6 6. c3 a6 7. a4 {[%emt 0:00:54] C54: Giuoco Piano: 4 c3 Nf6, main lines with 5 d4 and 5 d3.} Ba7 8. Re1 O-O $1 {[%emt 0:00:49] 8...0-0 scores better than 8...h6.} 9. Bg5 {[%emt 0:00:54] White has an edge.} h6 10. Bh4 g5 11. Bg3 Nh7 12. d4 {[%emt 0:04:26][%cal Rd4e5] [#]} Qf6 $146 ({Black should play} 12... h5 13. h3 (13. dxe5 $2 h4 $19) 13... Qf6) ({Predecessor:} 12... h5 13. h3 Qf6 14. Nbd2 h4 15. Bh2 g4 16. hxg4 Bxg4 17. Bd5 Kh8 18. Kh1 exd4 {½-½ (46) Relyea,A (2332)-Sun,W (2318) ICCF email 2019}) 13. dxe5 $11 Nxe5 14. Nxe5 dxe5 15. Qe2 g4 16. Nd2 h5 {[%emt 0:00:30] Strongly threatening ...h4.} 17. h4 $1 Re8 18. Nf1 (18. Kh1 $14) 18... Nf8 19. Ne3 c6 20. Rad1 Ng6 21. Nf5 Bxf5 22. exf5 Qxf5 23. Bd3 {[%emt 0:00:45] Inhibits e4.} (23. Qd2 $5 Nf8 24. Bb3 $11) 23... Qf6 24. Bxg6 Qxg6 25. Rd7 $132 {[%emt 0:00:22][%mdl 2048] Prevents Re7. White is not keeping still} (25. Bxe5 $2 g3 26. Rf1 gxf2+ 27. Kh2 Qf5 $19) 25... b5 26. Red1 (26. Bxe5 $2 g3 27. Bxg3 Rxe2 $19) 26... Bc5 {[%emt 0:00:22] Prevents R1d6.} 27. a5 $1 Ra7 28. Rd8 f6 29. b4 Be7 30. Qa2+ Kg7 31. R8d7 Rxd7 32. Rxd7 Qf7 {[%emt 0:00:31] Inhibits Qe6.} 33. Qd2 Qe6 $1 34. Ra7 {[%emt 0:00:35] Threatening Qe3.} Kg6 35. Rxa6 Rd8 (35... f5 $1 $11) 36. Qe2 $16 Qd5 {[%emt 0:00:40] Prevents Qe4+.} 37. Kh2 $1 Bd6 (37... Bf8 $16 {was necessary.}) 38. Qe3 $1 $18 Rd7 (38... Bc7 {was called for.} 39. Qa7 Rd7) 39. Ra8 $1 Kg7 40. a6 (40. Rc8 $1 $18) 40... c5 $16 41. Rc8 {[%emt 0:30:40] c4 is the strong threat.} Ra7 42. bxc5 Be7 43. c6 $1 Rxa6 (43... Bc5 $16 44. Qe2 Bd6) 44. Rc7 $18 Qe6 45. Qc5 Kf8 46. Qxb5 Ra8 47. Qb7 {[%emt 0:00:47] Prevents Rc8.} Re8 48. Qb5 $2 (48. Kh1 $18) 48... Rc8 $2 (48... Ra8 $1 $11) 49. Rxc8+ Qxc8 {[%emt 0:00:22][%mdl 4096] Endgame KQB-KQB} 50. Qd5 {[%emt 0:00:37] Prevents Bd6.} (50. Qb7 Qxb7 51. cxb7 Bd6 $11) 50... Qd8 $2 (50... Bd8 $16 51. f4 Bc7) 51. Qe4 {[%emt 0:00:24] Black must now prevent Qh7.} Qd6 52. f3 gxf3 53. Qxf3 Qc5 54. Kh3 (54. Qxh5 $18 {and White stays clearly on top.} Qxc6 55. Qh6+ Kf7 56. Bxe5 $1 ) 54... Kg7 (54... Qc4 $16 55. Kh2 (55. Qxh5 Qxc6 56. Be1 Qe4 $16) 55... Kg7) 55. Bf2 $1 (55. Qxh5 $6 Qxc6 56. Qg4+ Kf7) 55... Qc4 {[%emt 0:00:21] [#]} 56. Bb6 $2 (56. Qxh5 Qxc6 57. Qf3 Qe6+ 58. Qg4+ Kf7) ({White should try} 56. Be3 $1 $18 Bd8 57. Qxh5 Qxc6 58. Bh6+ Kh8 59. Bd2+ (59. Qf7 Qxc3+ 60. Kh2 Qc7 $18) 59... Kg8 60. Qg4+ Kh8 61. Qh5+ Kg7 62. Bh6+ Kh7 63. Bd2+ Kg7 64. Qg4+ Kh8 65. Qh5+) 56... Bd6 $2 {[%emt 0:00:31] [#]} (56... e4 $1 $11 {and Black is okay.} 57. Qxh5 Qd3+ 58. g3 Qb1 59. Qg4+ Kf8) 57. Qg3+ $2 (57. Qxh5 $6 Qxc6 58. Ba5 Qb5 $16) (57. Bd8 $1 $18 Qe6+ 58. g4) 57... Kf7 $11 {[%emt 0:00:24] Threatens to win with ...Qe6+.} 58. Qf3 Kg6 {[%emt 0:00:33] aiming for ...e4.} 59. g4 {[%emt 0:00:26] And now Bd8 would win.} Kf7 $2 (59... e4 $1 $11 60. Qf5+ (60. gxh5+ Kf7 $11) 60... Kf7) 60. g5 $18 ({And not} 60. gxh5 e4 61. Qf5 Qxc3+ 62. Kg2 Qg3+ 63. Kf1 Qd3+ 64. Kg2 Qg3+ 65. Kf1 Qd3+ 66. Kg2 Qg3+ $11) 60... Kg8 61. gxf6 {[%emt 0:00:24] Threatening mate with Qg3+.} (61. Qxf6 Qxc6 62. Qg6+ Kf8 63. Qxh5 Qxb6 64. Qh8+ Ke7 65. Qh7+ Kd8 66. Qg8+ Ke7 67. Qh7+ Kd8 68. Qg8+ Ke7 69. Qh7+ $11) 61... Kf8 62. f7 $2 ({Weaker is} 62. Qxh5 Qf1+ 63. Kg4 Qf4+ 64. Kh3 Qf1+ 65. Kg4 Qf4+ 66. Kh3 Qf1+ $11) (62. Be3 $18) 62... e4 $11 {[%emt 0:00:27] Dancing on a razor blade.} 63. Qf2 $2 {[%mdl 8192] Weighted Error Value: White=0.26 (precise) /Black=0.50} (63. Qxh5 $2 {leads to mate.} Qf1+ 64. Kg4 Qf4+ 65. Kh3 Qg3#) (63. Qf6 $11 Qd3+ 64. Kg2 Qg3+ 65. Kf1 Qd3+ 66. Kg2 Qg3+ 67. Kf1 Qd3+ 68. Kg2) 0-1

[Event "79th LOTTO Polish-ch 2022"]
[Site "Kruszwica"]
[Date "2022.05.09"]
[Round "1.5"]
[White "Nasuta, Grzegorz"]
[Black "Piorun, Kacper"]
[Result "1/2-1/2"]
[ECO "C02"]
[WhiteElo "2511"]
[BlackElo "2635"]
[Annotator "TA"]
[PlyCount "62"]
[EventDate "2022.05.10"]
[EventType "k.o."]
[EventCountry "POL"]
[SourceTitle "playchess.com"]
[Source "ChessBase"]
[SourceQuality "1"]
[TimeControl "40/5400+30:1800+30"]

1. e4 {[%emt 0:00:03] Shirov,A} e6 2. d4 d5 3. e5 c5 4. c3 Nc6 5. Nf3 Bd7 6. Be2 Nge7 7. O-O Ng6 8. g3 Be7 {[%emt 0:03:38] C02: French: Advance Variation.} 9. h4 O-O 10. h5 Nh8 {[%emt 0:00:02] White has an edge.} 11. h6 (11. dxc5 {might be stronger.} Bxc5 12. c4) 11... g5 $11 12. Be3 cxd4 13. cxd4 f5 14. exf6 Bxf6 15. Qd2 Nf7 16. Nc3 Kh8 (16... g4 17. Nh2 $14) 17. Kg2 Rg8 ({Don't play} 17... g4 18. Nh2 $14) 18. Rh1 {[%emt 0:02:08] [#]} Nd6 $146 ({Predecessor:} 18... Qe7 19. g4 Raf8 20. Rh3 Nd6 21. Bd3 Be8 22. Re1 Qd8 23. Ne5 Qc7 {1-0 (34) Shirov,A (2686)-Akesson,R (2452) Stockholm 2016 CBM 172 Extra [Shirov,A]}) 19. Rae1 Nf5 20. Bd1 ({White should play} 20. g4 $11) 20... g4 $15 21. Nh2 Ncxd4 {[%emt 0:00:21] [#]} (21... e5 $15 {keeps the upper hand.} 22. Nxd5 (22. dxe5 Nxe3+ 23. fxe3 Bxe5 $17) 22... Nfxd4) 22. Nxg4 ({Better is} 22. Bf4 $1 $16) 22... Nxe3+ $11 23. Qxe3 {[%emt 0:01:37] Strongly threatening Ne5.} Nf5 24. Qf4 Rf8 {[%emt 0:05:10] aiming for ...Bxc3.} 25. Nxf6 Qxf6 26. Qe5 Qxe5 27. Rxe5 Rf6 28. Bc2 Nd4 29. Bd1 Nf5 30. Bc2 Nd4 31. Bd1 Nf5 {[%emt 0:00:55] Weighted Error Value: White=0.15 (very precise) /Black=0.18 (very precise)} ({Black should try} 31... Bc6 $15) 1/2-1/2